 Dungeon Crawl Stone Soup version 0.29-a0-529-gfa20dd96a1 (webtiles) character file.

Game seed: 6800124199082374473

45 xian the Conjurer (level 3, 0/26 HPs)
             Began as a Draconian Conjurer on June 1, 2022.
             Slain by a gnoll
             ... wielding a +0 flail
              (2 damage)
             ... on level 2 of the Dungeon.
             The game lasted 00:03:11 (1601 turns).

xian the Conjurer (Draconian Conjurer)              Turns: 1601, Time: 00:03:11

Health: 0/26       AC:  5    Str: 15    XL:     3   Next: 42%
Magic:  1/6        EV: 12    Int: 20    God:
Gold:   41         SH:  0    Dex:  9    Spells: 5/6 levels left

rFire   . . .      SeeInvis .   k - +3 short sword
rCold   . . .      Faith    .   (no shield)
rNeg    . . .      Spirit   .   (body armour unavailable)
rPois   .          Reflect  .   (helmet restricted)
rElec   .          Harm     .   (no cloak)
rCorr   .          Rampage  .   (no gloves)
Will    .....                   (no boots)
Stlth   ++........              (no amulet)
HPRegen 0.08/turn               g - +6 ring of strength
MPRegen 0.10/turn               (no ring)

@: no status effects
A: AC +5, unfitting armour, cold-blooded
a: no special abilities


You were on level 2 of the Dungeon.
You visited 1 branch of the dungeon, and saw 2 of its levels.

You collected 41 gold pieces.

Inventory:

Hand Weapons
 k - a +3 short sword (weapon)
Jewellery
 g - a +6 ring of strength (left hand)
Scrolls
 b - 2 scrolls of enchant weapon {unknown}
 c - a scroll of identify {unknown}
 d - 4 scrolls of immolation {unknown}
 f - a scroll of vulnerability {unknown}
 j - a scroll of poison {unknown}
Potions
 a - a potion of magic
 e - a potion of curing {unknown}
 h - a potion of might {unknown}
 i - a potion of heal wounds {unknown}


   Skills:
 + Level 2.1 Dodging
 + Level 1.7 Stealth
 + Level 0.2 Unarmed Combat
 + Level 2.1 Spellcasting
 + Level 5.0 Conjurations


You had 5 spell levels left.
You knew the following spells:

 Your Spells              Type           Power      Damage    Failure   Level
a - Magic Dart            Conj           88%        1d7       1%          1

Your spell library contained the following spells:

 Spells                   Type           Power      Damage    Failure   Level
 Searing Ray              Conj           44%        2d6       3%          2
 Dazzling Flash           Conj/Hex       24%        N/A       17%         3
 Fulminant Prism          Conj/Hex       6%         3d7       50%         4
 Iskenderun's Mystic Bla  Conj/Tloc      12%        2d5       50%         4


Dungeon Overview and Level Annotations

Branches:
Dungeon (2/15)

Altars:

Shops:
D:1 *


Innate Abilities, Weirdness & Mutations

Your plain brown scales are hard. (AC +5)
You cannot fit into any form of body armour.
You are cold-blooded and may be slowed by cold attacks.


Message History

The magic dart hits the gnoll.
The gnoll is lightly wounded.
The gnoll shouts!
The magic dart hits the gnoll.
The gnoll is moderately wounded.
The magic dart hits the gnoll but does no damage.
The gnoll is moderately wounded.
A gnoll comes into view. It is wielding a +0 spear.
The gnoll closely misses you.
The magic dart hits the gnoll but does no damage.
The gnoll is moderately wounded.
The gnoll shouts!
The gnoll hits you from afar with a +0 spear.
The magic dart hits the gnoll.
The gnoll is severely wounded.
The gnoll hits you from afar with a +0 spear.
The magic dart hits the gnoll.
The gnoll is almost dead.
The gnoll barely misses you.
You are too depleted to draw on your mana recklessly!
Things that are here:
a +0 whip; a gnoll corpse The magic dart hits the gnoll.
You kill the gnoll!
Your Conjurations skill increases to level 5!
Unknown command.
The gnoll closely misses you.
You hit the gnoll.
The gnoll is lightly wounded.
The gnoll hits you from afar with a +0 spear.
The gnoll completely misses you.
You hit the gnoll.
Your tail-slap misses the gnoll.
The gnoll is heavily wounded.
The gnoll hits you with a +0 flail.
The gnoll hits you from afar with a +0 spear!
* * * LOW HITPOINT WARNING * * *
You hit the gnoll.
The gnoll is severely wounded.
The gnoll hits you with a +0 flail.
You die...

.##..#.†####.# .#
.............# ###g#
#..##..####### #...#
...##..### #####g###
#.##.....###### #...).#
.#...##.#....#
####.#####
#...#.##...##.####.)..#
###...##..#...##.gg####
#........#.....@###
#.#...##.....####
#...#<....##..##
....#..##.###..#
..........####.# .
#...#.....#..#
##.######.#.##
......##...#####.
...................


You could see 2 gnolls.

Vanquished Creatures
  2 gnolls (D:2)
  3 endoplasms (D:1)
  2 giant cockroaches
  3 goblins
  3 hobgoblins
  3 kobolds (D:2)
  A quokka (D:1)
  2 ball pythons (D:1)
  2 bats
  2 rats (D:2)
23 creatures vanquished.

Notes
Turn   | Place    | Note
-------+----------+-------------------------------------------
     0 | D:1      | xian the Draconian Conjurer began the quest for the Orb.
     0 | D:1      | Reached XP level 1. HP: 14/14 MP: 3/3
   532 | D:1      | Reached XP level 2. HP: 20/20 MP: 3/5
   560 | D:1      | Found Dacumi's Assorted Antiques.
   924 | D:1      | Found a faded altar of an unknown god.
  1527 | D:2      | Reached XP level 3. HP: 23/26 MP: 1/6
  1594 | D:2      | Reached skill level 5 in Conjurations
  1601 | D:2      | Slain by a gnoll

Illustrated notes

Levels and vault maps discovered:
D:1:      scummos_arrival_simple_fountains, layout_basic, serial_shops, shop,
          shapermc_ecumenical_altar_petra
D:2:      layout_rooms

Skill      XL: |  1  2  3 |
---------------+----------+-----
Dodging        | 2 |  2.1
Conjurations   | 5 |  5.0
Stealth        | |  1.7
Unarmed Combat | |  0.2
Spellcasting   | |  2.1

Action                   || total
-------------------------++-------
Melee: Unarmed           ||    14
       Tailslap          ||     3
       Club              ||    10
       Short sword       ||     4
 Cast: Magic Dart        ||    50
Armor: Skin              ||     5
Dodge: Dodged            ||    20

Table legend: (Time is in decaauts)
 A = Elapsed time spent in this place.
 B = Non-inter-level travel time spent in this place.
 C = Inter-level travel time spent in this place.
 D = Time resting spent in this place.
 E = Time spent auto-exploring this place.
 F = Levels seen in this place.
 G = Mean time per level.
                   A        B        C        D        E       F      G
               +--------+--------+--------+--------+--------+-----+--------+
         Total |   1602 |   1586 |     16 |     12 |   1368 |   2 |  801.0 |
       Dungeon |   1602 |   1586 |     16 |     12 |   1368 |   2 |  801.0 |
               +--------+--------+--------+--------+--------+-----+--------+

Top non-repeatable levels by time:
     D:1: 1025 daAuts
     D:2: 577 daAuts
